 Dungeon Crawl Stone Soup version 0.30-a0-358-g0d69a1922f (webtiles) character file.

Game seed: 9145568367791637217

2 quakins the Vexing (level 1, -1/11 HPs)
             Began as a Deep Elf Hexslinger on Nov 8, 2022.
             Slain by a goblin
             ... wielding a +2 dagger of protection
              (4 damage)
             ... on level 1 of the Dungeon.
             The game lasted 00:00:28 (149 turns).

quakins the Vexing (Deep Elf Hexslinger)             Turns: 149, Time: 00:00:29

Health: -1/11      AC:  2    Str:  7    XL:     1   Next: 33%
Magic:  5/5        EV: 12    Int: 17    God:
Gold:   0          SH:  0    Dex: 15    Spells: 2/3 levels left

rFire   . . .      SeeInvis .    a - +1 sling
rCold   . . .      Faith    .    (no shield)
rNeg    . . .      Spirit   .    c - +0 robe
rPois   .          Reflect  .    (no helmet)
rElec   .          Harm     .    (no cloak)
rCorr   .          Rampage  .    (no gloves)
Will    .....                    (no boots)
Stlth   +.........               (no amulet)
HPRegen 0.21/turn                (no ring)
MPRegen 0.09/turn                (no ring)

@: no status effects
A: no striking features
a: no special abilities


You were on level 1 of the Dungeon.
You visited 1 branch of the dungeon, and saw 1 of its levels.

Inventory:

Hand Weapons
 a - a +1 sling (weapon)
Armour
 c - a +0 robe (worn)
Scrolls
 b - a scroll of poison
Potions
 d - a potion of resistance {unknown}
 e - a potion of degeneration {unknown}


   Skills:
 - Level 0.7 Fighting
 + Level 3.1 Ranged Weapons
 - Level 2.4 Dodging
 - Level 1.5 Spellcasting
 - Level 4.0 Hexes


You had 2 spell levels left.
You knew the following spells:

 Your Spells              Type           Power      Damage    Failure   Level
a - Slow                  Hex            56%        N/A       4%          1

Your spell library contained the following spells:

 Spells                   Type           Power      Damage    Failure   Level
 Inner Flame              Hex/Fire       8%         N/A       26%         3
 Portal Projectile        Hex/Tloc       16%        N/A       26%         3
 Cause Fear               Hex            7%         N/A       36%         4


Dungeon Overview and Level Annotations

Branches:
Dungeon (1/15)

Altars:


Message History

Aim: a goblin, wielding a +2 dagger of protection (50% to hit)
You shoot a sling bullet.
The sling bullet hits the goblin but does no damage.
The dart slug launches a dart at you. The slug dart hits you.
Fire: a) +1 sling
Press: ? - help, Q - select action, (/) - cycle Shift-Dir - straight line, f/p - goblin
Aim: a goblin, wielding a +2 dagger of protection (50% to hit)
You shoot a sling bullet.
The sling bullet hits the goblin but does no damage.
Fire: a) +1 sling
Press: ? - help, Q - select action, (/) - cycle Shift-Dir - straight line, f/p - goblin
Aim: a goblin, wielding a +2 dagger of protection (50% to hit)
You shoot a sling bullet. The sling bullet hits the goblin.
The goblin is moderately wounded.
The goblin hits you with a +2 dagger of protection.
Fire: a) +1 sling
Press: ? - help, Q - select action, (/) - cycle Shift-Dir - straight line, f/p - goblin
Aim: a goblin, wielding a +2 dagger of protection (moderately wounded, 50% to hit)
You shoot a sling bullet.
The sling bullet hits the goblin but does no damage.
The goblin is moderately wounded.
The goblin hits you with a +2 dagger of protection.
Fire: a) +1 sling
Press: ? - help, Q - select action, (/) - cycle Shift-Dir - straight line, f/p - goblin
Aim: a goblin, wielding a +2 dagger of protection (moderately wounded, 50% to hit)
You shoot a sling bullet.
The sling bullet closely misses the goblin.
The sling bullet hits the dart slug!
The dart slug is severely wounded.
The goblin hits you with a +2 dagger of protection.
* * * LOW HITPOINT WARNING * * *
Fire: a) +1 sling
Press: ? - help, Q - select action, (/) - cycle Shift-Dir - straight line, f/p - goblin
Aim: a goblin, wielding a +2 dagger of protection (moderately wounded, 50% to hit)
You shoot a sling bullet.
The sling bullet barely misses the goblin.
The sling bullet barely misses the dart slug.
The goblin hits you with a +2 dagger of protection.
You die...

# .# ..# ...# ....#
.[#
##+####+######.....#
..#
#..........#@gw....#
..#
#..........#.#.....#
..# #..........'.#
....# ..#
#..........### ...#
..# #..........# ###
..###.....)....#
....'†.........#
..###..........# ..#
#..........#


You could see a dart slug and a goblin.

Vanquished Creatures
  A ball python (D:1)
  2 frilled lizards (D:1)
  A kobold (D:1)
4 creatures vanquished.

Notes
Turn   | Place    | Note
-------+----------+-------------------------------------------
     0 | D:1      | quakins the Deep Elf Hexslinger began the quest for the
                  | Orb.
     0 | D:1      | Reached XP level 1. HP: 11/11 MP: 5/5
   149 | D:1      | Slain by a goblin

Illustrated notes

Levels and vault maps discovered:
D:1:      sevenhm_arrival_forest_fort_small_5, layout_basic,
          minmay_worlds_worst_comb

Skill      XL: |  1 |
---------------+----+-----
Ranged Weapons | 3 |  3.1
Fighting       | |  0.7
Dodging        | |  2.4
Spellcasting   | |  1.5
Hexes          | |  4.0

Action                   || total
-------------------------++-------
 Fire: Sling             ||    17
 Cast: Slow              ||     1
Armor: Robe              ||     1
Dodge: Dodged            ||     1

Table legend: (Time is in decaauts)
 A = Elapsed time spent in this place.
 B = Non-inter-level travel time spent in this place.
 C = Inter-level travel time spent in this place.
 D = Time resting spent in this place.
 E = Time spent auto-exploring this place.
 F = Levels seen in this place.
 G = Mean time per level.
                   A        B        C        D        E       F      G
               +--------+--------+--------+--------+--------+-----+--------+
         Total |    155 |    155 |      0 |      0 |    126 |   1 |  155.0 |
       Dungeon |    155 |    155 |      0 |      0 |    126 |   1 |  155.0 |
               +--------+--------+--------+--------+--------+-----+--------+

Top non-repeatable levels by time:
     D:1: 155 daAuts
